 Dungeon Crawl Stone Soup version 0.28.0 (webtiles) character file.

Game seed: 11498692480994579370

1297 Colgate the Zephyrmancer (level 8, -1/31 HPs)
             Began as a Felid Summoner on Feb 11, 2022.
             Was an Initiate of Gozag.
             Killed from afar by a gnoll shaman (32 damage)
             ... with a bolt of acid
             ... on level 7 of the Dungeon.
             The game lasted 00:59:58 (11539 turns).

Colgate the Zephyrmancer (Felid Summoner)          Turns: 11539, Time: 00:59:58

Health: -1/31      AC:  2    Str:  4    XL:     8   Next: 31%
Magic:  14/16      EV: 18    Int: 21    God:    Gozag
Gold:   757        SH:  0    Dex: 22    Spells: 0/17 levels left
                                        Lives:  0   Deaths: 2

rFire   . . .      SeeInvis +   (weapon unavailable)
rCold   . . .      Faith    +   (shield unavailable)
rNeg    . . .      Spirit   .   (armour unavailable)
rPois   .          Reflect  .   (helmet unavailable)
rElec   .          Harm     .   (cloak unavailable)
rCorr   .          Rampage  .   (gloves unavailable)
Will    +....                   (boots unavailable)
Stlth   +++.......              i - amulet of faith
HPRegen 0.10/turn               d - +6 ring of dexterity
MPRegen 0.15/turn               (no ring)

@: quick
A: very small, claws 1, fangs 3, see invisible, speed 1, shaggy fur 2, stealthy
paws, no weapons or thrown items, no armour, multi-lived
a: Renounce Religion, Potion Petition, Call Merchant, Bribe Branch


You were on level 7 of the Dungeon.
You worshipped Gozag.
Gozag was pleased with you.
You visited 2 branches of the dungeon, and saw 8 of its levels.

You collected 826 gold pieces.
You paid 69 gold pieces to Gozag.

Inventory:

Jewellery
 d - a +6 ring of dexterity (left paw)
 i - an amulet of faith (around neck)
Wands
 a - a wand of flame (22)
Scrolls
 b - 2 scrolls of teleportation
 f - 2 scrolls of vulnerability
 k - a scroll of blinking {unknown}
 l - a scroll of immolation {unknown}
 n - a scroll of magic mapping {unknown}
 p - a scroll of brand weapon {unknown}
 q - a scroll of holy word {unknown}
 s - a scroll of noise {unknown}
 t - a scroll of fog
Potions
 c - 6 potions of curing
 e - a potion of haste
 g - 2 potions of magic
 h - 4 potions of flight {unknown}
 j - 2 potions of brilliance {unknown}
 m - a potion of heal wounds {unknown}
 o - a potion of berserk rage {unknown}
 r - a potion of mutation {unknown}


   Skills:
 - Level 2.6 Dodging
 - Level 2.6 Stealth
 - Level 5.0 Spellcasting
 - Level 3.5 Hexes
 - Level 6.0 Summonings
 + Level 4.2 Transmutations
 - Level 9.0 Air Magic


You couldn't memorise any spells.
You knew the following spells:

 Your Spells              Type           Power      Damage    Failure   Level
a - Summon Small Mammal   Summ           100%       N/A       1%          1
b - Call Imp              Summ           30%        N/A       1%          2
c - Call Canine Familiar  Summ           30%        N/A       2%          3
d - Summon Guardian Gole  Hex/Summ       25%        N/A       4%          3
e - Summon Lightning Spi  Summ/Air       37%        N/A       4%          4
f - Blink                 Tloc           10%        N/A       16%         2
g - Passwall              Tmut/Erth      11%        N/A       7%          2

Your spell library contained the following spells:

 Spells                   Type           Power      Damage    Failure   Level
 Sandblast                Erth           10%        2d5       11%         1
 Stone Arrow              Conj/Erth      10%        3d7       32%         3
 Petrify                  Tmut/Erth      14%        N/A       41%         4
 Metabolic Englaciation   Hex/Ice        6%         N/A       82%         5
 Manifold Assault         Tloc           5%         N/A       96%         5
 Storm Form               Tmut/Air       16%        N/A       99%         7
 Statue Form              Tmut/Erth      9%         N/A       100%        6


Dungeon Overview and Level Annotations

Branches:
Dungeon (7/15)             Temple (1/1) D:4

Altars:
Ashenzari
Cheibriados
Dithmenos
Elyvilon
Fedhas
Gozag
Hepliaklqana
Kikubaaqudgha
Makhleb
Nemelex Xobeh
Okawaru
Qazlal
Ru
Sif Muna
Trog
Uskayaw
Vehumet
Wu Jian
Xom
Yredelemnul
Zin
The Shining One

Annotations:
D:4 1 runed translucent door, Musti's ghost, novice DECj


Innate Abilities, Weirdness & Mutations

You have sharp claws.
You have razor-sharp teeth.
You have supernaturally acute eyesight. (SInv)
You cover ground quickly. (Speed+)
You are covered in thick fur. (AC +2)
Your paws help you pounce on unaware monsters.
You are incapable of wielding weapons or throwing items.
You cannot wear armour.
You gain extra lives every three experience levels.


Message History

Your guardian golem disappears in a puff of smoke!
Magic restored.
There is a stone staircase leading down here.
You now have 757 gold pieces (gained 7).
Things that are here:
a +0 dagger; a +0 robe Done exploring.
Done exploring.
(D) Dungeon (T) Temple
Where to? (Enter - D:6 @ (x,y), ? - help)
There is a stone staircase leading down here.
You climb downwards.
There is a stone staircase leading up here.
Press: ? - help, v - describe, . - travel
Here: a gnoll shaman, wielding a +0 club, wearing a +0 leather armour and carrying a wand of acid (9)
The floor.
Unknown command.
Casting: Summon Lightning Spire (quite dangerous; 4% risk of failure)
Confirm with . or Enter, or press ? or * to list all spells.
A guardian golem appears, shielding your allies.
What are your orders? t - Meow!
Orders for allies: a - Attack new target. r - Retreat! s - Stop attacking. g - Guard the area. f - Follow me.
Anything else - Cancel.
Guard this area!
What are your orders? t - Meow!
Orders for allies: a - Attack new target. r - Retreat! s - Stop attacking. g - Guard the area. f - Follow me.
Anything else - Cancel.
Retreat in which direction?
Press: ? - help, Dir - move target Fall back!
The gnoll shaman zaps a wand.
The bolt of acid hits you!!
Ouch! That really hurt!
You die...
Your body crumbles into a pile of gold.

##############
#............#
#............#
#............#
#..<.g.......#
#9...........#
##########'###..###.#
..#.5#.###.###..#######.
....#...<[...#..@.......
....#........#..........
.##+##.g##..############
h##.##..##.(##.##########
....................#...+
....................#...#
)######'####'####'###..##
'#
..##.###..####..##..####
.#
.......................#


You could see a gnoll shaman.

Vanquished Creatures
  A hobgoblin (D:2)
  A bat (D:6)
2 creatures vanquished.

Vanquished Creatures (collateral kills)
  A sky beast (D:6)
  2 centaurs
  2 phantoms
  Blork the orc (D:4)
  A wyvern zombie (D:4)
  A scorpion (D:5)
  A centaur zombie (D:6)
  A bullfrog zombie (D:5)
  A jelly (D:6)
  A centaur skeleton (D:6)
  A hound (D:6)
  A gnoll shaman (D:7)
  2 bullfrog skeletons
  An iguana (D:6)
  An orc wizard (D:6)
  A hound zombie (D:5)
  10 gnolls
  9 adders
  2 ufetubi (D:6)
  2 adder skeletons
  A worm (D:4)
  A dart slug (D:3)
  13 orcs
  5 ball pythons
  9 bats
  4 endoplasms
  5 giant cockroaches
  7 goblins
  6 hobgoblins
  3 quokkas
  4 frilled lizards
  5 kobolds
  A quokka skeleton (D:4)
  6 rats
112 creatures vanquished.

Vanquished Creatures (others)
  A two-headed ogre (D:6)
  Grinder (D:4)
  A black bear (D:5)
  An ogre (D:6)
  A centaur (D:5)
  A wyvern zombie (D:5)
  5 scorpions
  3 killer bees (D:5)
  A bullfrog skeleton (D:5)
  An iguana (D:5)
  2 gnolls
  An adder (D:6)
  10 fungi (D:6)
29 creatures vanquished.

Grand Total: 143 creatures vanquished

Notes
Turn   | Place    | Note
-------+----------+-------------------------------------------
     0 | D:1      | Colgate the Felid Summoner began the quest for the Orb.
     0 | D:1      | Reached XP level 1. HP: 7/7 MP: 4/4
   329 | D:1      | Reached XP level 2. HP: 11/11 MP: 3/6
   332 | D:1      | Learned a level 2 spell: Call Imp
  1495 | D:2      | Reached skill level 5 in Summonings
  1526 | D:2      | Reached XP level 3. HP: 14/14 MP: 4/7
  1608 | D:2      | Learned a level 3 spell: Call Canine Familiar
  2259 | D:2      | Found a blossoming altar of Fedhas.
  2342 | D:2      | Found a faded altar of an unknown god.
  2998 | D:3      | Reached XP level 4. HP: 18/18 MP: 2/8
  3414 | D:3      | Found a shimmering blue altar of Sif Muna.
  3876 | D:4      | Reached XP level 5. HP: 21/21 MP: 2/10
  3880 | D:4      | Learned a level 3 spell: Summon Guardian Golem
  3955 | D:4      | Found a runed translucent door.
  3964 | D:4      | Noticed Musti's ghost (novice DECj)
  3973 | D:4      | Noticed Blork the orc
  4005 | D:4      | Killed Blork the orc
  4634 | D:4      | Noticed Grinder
  4661 | D:4      | Killed Grinder
  4662 | D:4      | Gained mutation: You are covered in thick fur. (AC +2)
                  | [Felid growth]
  4662 | D:4      | Reached XP level 6. HP: 24/24 MP: 9/14
  4825 | D:4      | Found a staircase to the Ecumenical Temple.
  4839 | Temple   | Entered the Ecumenical Temple
  5428 | Temple   | Became a worshipper of Gozag Ym Sagoz the Greedy
  5771 | D:5      | Entered Level 5 of the Dungeon
  5777 | D:5      | Learned a level 4 spell: Summon Lightning Spire
  5859 | D:5      | Reached skill level 1 in Air Magic
  6067 | D:5      | Mangled by a wyvern zombie
  6068 | D:5      | Reached XP level 5. HP: -6/21 MP: 7/13
  6164 | D:5      | Reached skill level 2 in Air Magic
  6164 | D:5      | Reached XP level 6. HP: 24/24 MP: 5/14
  6326 | D:5      | Reached skill level 3 in Air Magic
  6488 | D:5      | Reached skill level 4 in Air Magic
  6488 | D:5      | Reached XP level 7. HP: 13/27 MP: 4/15
  7305 | D:5      | Reached skill level 5 in Air Magic
  7857 | D:6      | Reached skill level 6 in Air Magic
  7928 | D:6      | Reached XP level 8. HP: 4/31 MP: 2/16
  8443 | D:6      | Reached skill level 7 in Air Magic
  8763 | D:6      | Noticed a two-headed ogre
  8781 | D:6      | Killed a two-headed ogre
  8782 | D:6      | Reached skill level 8 in Air Magic
  9093 | D:6      | Reached skill level 9 in Air Magic
  9093 | D:6      | Reached XP level 9. HP: 34/34 MP: 6/17
  9344 | D:6      | Reached skill level 1 in Transmutations
  9505 | D:6      | Found the +7 Singing Sword {vorpal, sonic wave}
  9635 | D:6      | Learned a level 2 spell: Blink
 11058 | D:6      | Learned a level 2 spell: Passwall
 11186 | D:7      | Reached skill level 5 in Spellcasting
 11318 | D:7      | Killed from afar by a gnoll shaman
 11319 | D:7      | Reached XP level 8. HP: -9/31 MP: 14/16
 11539 | D:7      | Killed from afar by a gnoll shaman

Illustrated notes

Levels and vault maps discovered:
D:1:      psy_arrival_terrarium, layout_basic, roderic_serpentine_path
D:2:      layout_basic, basic_altar, shapermc_ecumenical_altar_notcrosses,
          serial_curves, eino_curves_01, eino_curves_04
D:3:      layout_rooms, mainiacjoe_overflow_surrounded_room,
          serial_corexii_hall, corexii_hall_statues_i,
          chequers_hall_statues_corner_a, feat_on_display
D:4:      layout_basic, minmay_temple_entry_poolview, ebering_ghost_sewer_d,
          uniq_blork_the_orc, uniq_grinder
D:5:      layout_layer_cave
D:6:      old_forge, layout_basic, dk_noncrumbling_3, grunt_decor_resistance,
          lightli_orcish_oven
D:7:      layout_gridville, grunt_ministairs_7
Temple:   mainiacjoe_temple_starburst

Skill      XL: |  1  2  3  4  5  6  7  8  9 |
---------------+----------------------------+-----
Summonings     | 5 6 |  6.0
Spellcasting   | 3 4 5 |  5.0
Hexes          | 3 |  3.5
Air Magic      | 2 4 6 9 |  9.0
Transmutations | 4 |  4.2
Dodging        | |  2.6
Stealth        | |  2.6

Action                   |  1- 3 |  4- 6 |  7- 9 || total
-------------------------+-------+-------+-------++-------
Melee: Unarmed           |     2 |       |     3 ||     5
       Bite              |     1 |       |     1 ||     2
 Cast: Summon Small Mamm |    18 |     4 |     9 ||    31
       Call Imp          |    24 |     4 |     5 ||    33
       Call Canine Famil |     7 |    24 |    57 ||    88
       Summon Guardian G |       |     9 |    35 ||    44
       Summon Lightning  |       |       |     7 ||     7
       Blink             |       |       |     1 ||     1
       Passwall          |       |       |     1 ||     1
  Use: Scroll            |     1 |     7 |     1 ||     9
 Stab: Sleeping          |     1 |       |       ||     1
Armor: Skin              |     2 |       |     6 ||     8
Dodge: Dodged            |    15 |    15 |    78 ||   108
